 Dungeon Crawl Stone Soup version 0.29.1-1-gd02db6906a (webtiles) character file.

Game seed: 4923121183558978213

33 byup the Sneak (level 3, -2/21 HPs)
             Began as a Kobold Brigand on Oct 13, 2022.
             Slain by a gnoll
             ... wielding a +0 spear
              (4 damage)
             ... on level 2 of the Dungeon.
             The game lasted 00:05:07 (925 turns).

byup the Sneak (Kobold Brigand)                      Turns: 925, Time: 00:05:07

Health: -2/21      AC:  3    Str: 10    XL:     3   Next: 47%
Magic:  3/3        EV: 14    Int: 12    God:
Gold:   33         SH:  0    Dex: 16    Spells: 2/2 levels left

rFire   . . .      SeeInvis .   m - +1 dagger (venom)
rCold   . . .      Faith    .   (no shield)
rNeg    . . .      Spirit   .   b - +0 robe
rPois   .          Reflect  .   (no helmet)
rElec   .          Harm     .   c - +0 cloak
rCorr   .          Rampage  .   (no gloves)
Will    .....                   (no boots)
Stlth   ++++......              (no amulet)
HPRegen 0.07/turn               (no ring)
MPRegen 0.08/turn               (no ring)

@: no status effects
A: small, no large weapons, nightstalker 3
a: no special abilities


You were on level 2 of the Dungeon.
You visited 1 branch of the dungeon, and saw 2 of its levels.

You collected 33 gold pieces.

Inventory:

Hand Weapons
 a - a +2 dagger
 f - a +0 short sword of speed
 m - a +1 dagger of venom (weapon)
Missiles
 d - 9 poisoned darts (quivered)
 e - 3 curare-tipped darts
 k - 14 stones
Armour
 b - a +0 robe (worn)
 c - a +0 cloak (worn)
Scrolls
 g - a scroll of noise {unknown}
 h - a scroll of vulnerability {unknown}
 j - a scroll of fog {unknown}
 l - 2 scrolls of identify {unknown}
 n - a scroll of acquirement {unknown}
Potions
 i - a potion of lignification {unknown}
 o - a potion of resistance {unknown}


   Skills:
 + Level 2.2 Fighting
 + Level 3.0 Short Blades
 + Level 2.3 Throwing
 + Level 1.2 Dodging
 + Level 6.7 Stealth


You had 2 spell levels left.
You didn't know any spells.
Your spell library contained the following spells:

 Spells                   Type           Power      Damage    Failure   Level
 Ensorcelled Hibernation  Hex/Ice        0%         N/A       45%         2
 Spider Form              Tmut/Pois      0%         N/A       69%         3
 Anguish                  Hex/Necr       0%         N/A       97%         4


Dungeon Overview and Level Annotations

Branches:
Dungeon (2/15)

Altars:


Innate Abilities, Weirdness & Mutations

You are small and have problems with some larger weapons.
You are completely attuned to the shadows.


Message History

There is a stone staircase leading down here.
There is an escape hatch in the floor here.
Done exploring.
There is a stone staircase leading down here.
You climb downwards.
There is a stone staircase leading up here.
A gnoll comes into view.
It is wielding a +0 spear. 2 gnolls come into view.
The gnoll shouts! x3
A gnoll comes into view. It is wielding a +0 whip.
The gnoll barely misses you. The gnoll attacks as you move away!
The gnoll barely misses you. The gnoll attacks as you move away!
The gnoll barely misses you. The gnoll misses you.
You hit the gnoll.
The gnoll is poisoned.
The gnoll is lightly wounded.
You barely miss the gnoll.
The gnoll is moderately wounded.
The gnoll misses you. The gnoll barely misses you.
You barely miss the gnoll.
The gnoll is heavily wounded.
The gnoll barely misses you.
The gnoll hits you from afar with a +0 spear.
The gnoll misses you.
You hit the gnoll.
The gnoll is severely wounded.
The gnoll hits you from afar with a +0 spear.
The gnoll closely misses you.
The gnoll hits you from afar with a +0 spear.
You barely miss the gnoll.
The gnoll is severely wounded.
The gnoll completely misses you. The gnoll closely misses you.
The gnoll barely misses you.
You hit the gnoll.
You kill the gnoll!
The gnoll misses you.
The gnoll hits you from afar with a +0 spear!
* * * LOW HITPOINT WARNING * * *
The gnoll hits you from afar with a +0 spear.
You die...

######
#gg..#
...g##@#
.... #.#
.... #<#
.... ###


You could see 2 gnolls.

Vanquished Creatures
  A gnoll (D:2)
  A dart slug (D:1)
  2 endoplasms (D:1)
  2 giant cockroaches (D:1)
  2 goblins (D:1)
  2 kobolds (D:1)
  7 ball pythons (D:1)
  2 bats (D:1)
  2 frilled lizards (D:1)
  A rat (D:1)
22 creatures vanquished.

Notes
Turn   | Place    | Note
-------+----------+-------------------------------------------
     0 | D:1      | byup the Kobold Brigand began the quest for the Orb.
     0 | D:1      | Reached XP level 1. HP: 12/12 MP: 1/1
   144 | D:1      | Reached XP level 2. HP: 17/17 MP: 2/2
   188 | D:1      | Reached skill level 6 in Stealth
   663 | D:1      | Reached XP level 3. HP: 21/21 MP: 3/3
   923 | D:2      | HP: 1/21 [gnoll/+0 spear (9)]
   925 | D:2      | Slain by a gnoll

Illustrated notes

Levels and vault maps discovered:
D:1:      spicycebolla_green_bress_n_ham, layout_loops_ring, bh_walls_and_bars
D:2:      layout_basic

Skill      XL: |  1  2 |
---------------+-------+-----
Stealth        | 6 |  6.7
Short Blades   | 3 |  3.0
Fighting       | |  2.2
Throwing       | |  2.3
Dodging        | |  1.2

Action                   || total
-------------------------++-------
Melee: Short sword       ||    13
       Dagger            ||    24
Throw: Dart              ||     1
 Stab: Sleeping          ||    14
Armor: Robe              ||     1
Dodge: Dodged            ||    21
